[Event "EYTCC U12 Girls 2019"]
[Site "Pardubice"]
[Date "2019.07.12"]
[Round "2.24"]
[White "Karaivanova, Petya"]
[Black "Braeutigam, Katerina"]
[Result "1-0"]
[ECO "B14"]
[WhiteElo "1792"]
[BlackElo "1837"]
[Annotator "NA"]
[PlyCount "99"]
[EventDate "2019.07.11"]
[EventType "swiss"]
[EventCountry "CZE"]
[SourceTitle "playchess.com"]
[Source "ChessBase"]
[SourceQuality "1"]
[WhiteTeam "Bulgaria"]
[BlackTeam "Germany"]
[WhiteTeamCountry "BUL"]
[BlackTeamCountry "GER"]
[TimeControl "40/5400+30:1800+30"]

1. e4 c6 2. d4 d5 3. exd5 cxd5 4. c4 Nf6 5. Nc3 e6 6. Nf3 Bb4 7. Bd2 dxc4 8. Bxc4 Nc6 9. Bb5 Bd7 10. a3 Be7 11. Be3 a6 12. Be2 Bc8 13. O-O b5 14. Qc2 Bb7 15. b4 O-O 16. Rfd1 Rc8 17. Qb3 Nb8 18. Rac1 Nd5 19. Nxd5 Bxd5 20. Rxc8 Qxc8 21. Qb2 Bf6 22. Rc1 Qb7 23. Qc3 Nc6 24. Bd1 Rc8 25. Ne1 h6 26. f3 Rd8 27. Nd3 Bc4 28. Ne5 Bxe5 29. dxe5 Rd3 30. Qe1 Nxe5 31. Bxh6 Qb6+ 32. Kh1 Ng6 33. Bc2 Rxa3 34. Bxg6 gxh6 35. Be4 Qe3 36. Qg3+ Qg5 37. Qb8+ Kg7 38. Rd1 Ra2 39. f4 Qf6 40. Qd6 Be2 41. Rg1 Bc4 42. Bb1 Ra1 43. Qd2 Bd5 44. Qf2 Qc3 45. f5 e5 46. f6+ Kg8 47. Qf5 Kf8 48. Qd7 Bxg2+ 49. Kxg2 Qb2+ 50. Kh1 1-0

[Event "EYTCC U12 Girls 2019"]
[Site "Pardubice"]
[Date "2019.07.13"]
[Round "3.17"]
[White "Ivanova, Dilyana"]
[Black "Pert, Nina"]
[Result "1-0"]
[ECO "B15"]
[WhiteElo "1734"]
[BlackElo "1452"]
[Annotator "NA"]
[PlyCount "59"]
[EventDate "2019.07.11"]
[EventType "swiss"]
[EventCountry "CZE"]
[SourceTitle "playchess.com"]
[Source "ChessBase"]
[SourceQuality "1"]
[WhiteTeam "Bulgaria"]
[BlackTeam "England"]
[WhiteTeamCountry "BUL"]
[BlackTeamCountry "ENG"]
[TimeControl "40/5400+30:1800+30"]

1. e4 c6 2. d4 d5 3. Nd2 dxe4 4. Nxe4 Nf6 5. Nxf6+ exf6 6. c3 Bd6 7. Bd3 O-O 8. Ne2 h5 9. O-O h4 10. Nf4 f5 11. Qh5 Nd7 12. Ng6 fxg6 13. Bc4+ Rf7 14. Qxg6 Bxh2+ 15. Kxh2 Qc7+ 16. Kg1 Nf6 17. Bxf7+ Qxf7 18. Qxf7+ Kxf7 19. Bg5 Ne4 20. Bf4 Bd7 21. f3 Nf6 22. Rfe1 Ng8 23. Bg5 Be6 24. Re5 b6 25. Bxh4 g6 26. b3 b5 27. Rc5 Bd7 28. d5 cxd5 29. Rc7 Ke6 30. Re1+ {[%emt 0:00:25] Ke7} 1-0

[Event "EYTCC U12 Girls 2019"]
[Site "Pardubice"]
[Date "2019.07.13"]
[Round "3.18"]
[White "Solovieva, Kristina"]
[Black "Karaivanova, Petya"]
[Result "1/2-1/2"]
[ECO "C45"]
[WhiteElo "1469"]
[BlackElo "1792"]
[Annotator "NA"]
[PlyCount "142"]
[EventDate "2019.07.11"]
[EventType "swiss"]
[EventCountry "CZE"]
[SourceTitle "playchess.com"]
[Source "ChessBase"]
[SourceQuality "1"]
[WhiteTeam "England"]
[BlackTeam "Bulgaria"]
[WhiteTeamCountry "ENG"]
[BlackTeamCountry "BUL"]
[TimeControl "40/5400+30:1800+30"]

1. e4 e5 2. Nf3 Nc6 3. d4 exd4 4. Nxd4 Bc5 5. Nb3 Bb6 6. Nc3 Nf6 7. Qe2 Qe7 8. f3 d6 9. Bf4 Be6 10. O-O-O a6 11. Be3 Ba7 12. Kb1 h6 13. Qf2 Bxe3 14. Qxe3 Ne5 15. Qf2 b5 16. Nd5 Bxd5 17. exd5 O-O 18. Na5 Qd8 19. b4 Nfd7 20. h4 Qf6 21. Qd4 Rfe8 22. Bd3 Nxd3 23. Qxf6 Nxf6 24. Rxd3 h5 25. Rhd1 Re2 26. R3d2 Rae8 27. Nc6 Nd7 28. Kc1 Nb6 29. Rxe2 Rxe2 30. Rd2 Re1+ 31. Rd1 Rxd1+ 32. Kxd1 Nxd5 33. Kd2 Nb6 34. Nb8 Nc4+ 35. Kc3 Nb6 36. Nxa6 Nd5+ 37. Kb3 Kf8 38. g3 c6 39. c4 bxc4+ 40. Kxc4 Nb6+ 41. Kd4 Nd7 42. a4 Ke8 43. b5 cxb5 44. axb5 Nb6 45. Nc7+ Kd7 46. Nd5 Na4 47. Kc4 Nc5 48. Kb4 Nb7 49. Kc4 Na5+ 50. Kb4 Nb7 51. Kc4 Na5+ 52. Kb4 Nb7 53. Kc4 Nc5 54. Kb4 Nb7 55. Kc4 g6 56. Kd4 Ke6 57. Nf4+ Kd7 58. Nd5 Nc5 59. Kc4 Nb7 60. Kd4 Na5 61. Kc3 Ke6 62. Kb4 Nb7 63. Kc4 Nc5 64. b6 f6 65. Nf4+ Kf5 66. Nd3 Nb7 67. Kd5 g5 68. Kc6 Na5+ 69. Kxd6 g4 70. fxg4+ Kxg4 71. Nf4 Kxg3 1/2-1/2

[Event "EYTCC U12 Girls 2019"]
[Site "Pardubice"]
[Date "2019.07.13"]
[Round "3.19"]
[White "Siekanska, Maria"]
[Black "Zhou, Lepu Coco"]
[Result "1-0"]
[ECO "A58"]
[WhiteElo "1561"]
[BlackElo "1861"]
[Annotator "NA"]
[PlyCount "117"]
[EventDate "2019.07.11"]
[EventType "swiss"]
[EventCountry "CZE"]
[SourceTitle "playchess.com"]
[Source "ChessBase"]
[SourceQuality "1"]
[WhiteTeam "Poland"]
[BlackTeam "Germany"]
[WhiteTeamCountry "POL"]
[BlackTeamCountry "GER"]
[TimeControl "40/5400+30:1800+30"]

1. d4 Nf6 2. c4 c5 3. d5 b5 4. cxb5 a6 5. bxa6 g6 6. Nc3 Bg7 7. Nf3 O-O 8. e4 d6 9. Bd3 Nxa6 10. O-O Qa5 11. Re1 Bd7 12. e5 Ng4 13. exd6 exd6 14. Ne4 Ba4 15. Qd2 Qxd2 16. Bxd2 Bxb2 17. Rab1 Ba3 18. Nxd6 Rfd8 19. Ne4 Nb4 20. Bc4 Bc2 21. h3 Bxb1 22. Rxb1 f5 23. d6+ Kg7 24. Nxc5 Rxd6 25. Ne6+ Rxe6 26. Bxe6 Nf6 27. Bxb4 Rb8 28. Bf8+ Rxf8 29. Rb7+ Kh6 30. g4 fxg4 31. hxg4 Ne4 32. Ne5 Kg5 33. Rb5 Kh4 34. Rb3 Ng5 35. Rxa3 Nxe6 36. Ra7 Ng5 37. Kg2 Rf6 38. a4 h6 39. f4 Ne6 40. g5 Nxf4+ 41. Kf3 Kxg5 42. Nf7+ Kh5 43. Ke4 g5 44. Ne5 Ne2 45. a5 Nc3+ 46. Kd3 Na4 47. Rc7 Re6 48. Ke4 g4 49. Kf5 Re8 50. Nxg4 Kh4 51. Nf6 Rf8 52. Rc4+ Kg3 53. Rxa4 Rc8 54. a6 Kf3 55. Ra3+ Ke2 56. a7 Ra8 57. Nd5 Rf8+ 58. Kg4 h5+ 59. Kh4 1-0

[Event "EYTCC U12 Girls 2019"]
[Site "Pardubice"]
[Date "2019.07.13"]
[Round "3.20"]
[White "Pohle, Saskia"]
[Black "Szopa, Emilia"]
[Result "1-0"]
[ECO "B34"]
[WhiteElo "1719"]
[BlackElo "1415"]
[Annotator "NA"]
[PlyCount "63"]
[EventDate "2019.07.11"]
[EventType "swiss"]
[EventCountry "CZE"]
[SourceTitle "playchess.com"]
[Source "ChessBase"]
[SourceQuality "1"]
[WhiteTeam "Germany"]
[BlackTeam "Poland"]
[WhiteTeamCountry "GER"]
[BlackTeamCountry "POL"]
[TimeControl "40/5400+30:1800+30"]

1. e4 c5 2. Nf3 Nc6 3. d4 cxd4 4. Nxd4 Nf6 5. Nc3 e5 6. Nde2 Bc5 7. h3 h6 8. g3 d6 9. Bg2 Be6 10. O-O O-O 11. Kh2 Qd7 12. b3 Nh7 13. f4 f5 14. a3 Rad8 15. Bb2 Bb6 16. exf5 Bxf5 17. Nd5 Bc7 18. c4 Nf6 19. Nec3 Nd4 20. Rf2 Nxd5 21. Nxd5 Ne6 22. fxe5 dxe5 23. Qh5 Nc5 24. Rxf5 Rxf5 25. Qxf5 Qxf5 26. Ne7+ Kh8 27. Nxf5 Rd2 28. Rb1 Nd3 29. Bc3 Rc2 30. Bb4 Re2 31. Rd1 e4 32. Rd2 1-0

[Event "EYTCC U12 Girls 2019"]
[Site "Pardubice"]
[Date "2019.07.13"]
[Round "3.21"]
[White "Mikheeva, Galina"]
[Black "Veverkova, Dorota"]
[Result "1-0"]
[ECO "B12"]
[WhiteElo "1792"]
[BlackElo "1348"]
[Annotator "NA"]
[PlyCount "77"]
[EventDate "2019.07.11"]
[EventType "swiss"]
[EventCountry "CZE"]
[SourceTitle "playchess.com"]
[Source "ChessBase"]
[SourceQuality "1"]
[WhiteTeam "Russia"]
[BlackTeam "Czech Republic"]
[WhiteTeamCountry "RUS"]
[BlackTeamCountry "CZE"]
[TimeControl "40/5400+30:1800+30"]

1. e4 c6 2. d4 d5 3. e5 Bf5 4. h4 h5 5. Bd3 Bxd3 6. Qxd3 e6 7. Nf3 c5 8. dxc5 Nc6 9. Be3 Nge7 10. c3 Ng6 11. Qb5 Qd7 12. Na3 Ngxe5 13. Nxe5 Nxe5 14. Qxd7+ Kxd7 15. Ke2 Kc6 16. b4 a5 17. Nc2 Be7 18. g3 Bf6 19. Bd4 Nd7 20. Rhd1 Rhb8 21. a4 b5 22. Bxf6 Nxf6 23. Nd4+ Kd7 24. Nxb5 axb4 25. cxb4 Kc6 26. Nd4+ Kc7 27. b5 Ne4 28. Rdc1 e5 29. Nf5 g6 30. Ne7 d4 31. Nd5+ Kd8 32. c6 Kc8 33. b6 Ra5 34. Ne7+ Kd8 35. c7+ Kxe7 36. cxb8=Q Nc3+ 37. Rxc3 dxc3 38. Qc7+ Kf8 39. b7 1-0

[Event "EYTCC U12 Girls 2019"]
[Site "Pardubice"]
[Date "2019.07.13"]
[Round "3.22"]
[White "Zadrapova, Amalie"]
[Black "Goriachkina, Oksana"]
[Result "1-0"]
[ECO "B15"]
[WhiteElo "1248"]
[BlackElo "1417"]
[Annotator "NA"]
[PlyCount "127"]
[EventDate "2019.07.11"]
[EventType "swiss"]
[EventCountry "CZE"]
[SourceTitle "playchess.com"]
[Source "ChessBase"]
[SourceQuality "1"]
[WhiteTeam "Czech Republic"]
[BlackTeam "Russia"]
[WhiteTeamCountry "CZE"]
[BlackTeamCountry "RUS"]
[TimeControl "40/5400+30:1800+30"]

1. e4 c6 2. d4 d5 3. Nc3 dxe4 4. Nxe4 Nf6 5. Ng3 Bg4 6. f3 Bc8 7. Be3 e6 8. Qd2 Be7 9. O-O-O O-O 10. h4 Nd5 11. Bg5 Nd7 12. a3 a6 13. Bd3 b5 14. Bh6 Nc7 15. Bxg7 f5 16. Bxf8 Qxf8 17. c3 Nd5 18. N1e2 N7b6 19. Nh5 Kf7 20. g4 Ke8 21. gxf5 exf5 22. Nhf4 Kd7 23. Nxd5 Nxd5 24. Nf4 Qf7 25. Nxd5 Qxd5 26. Qc2 Kc7 27. c4 Qxd4 28. cxb5 Qe3+ 29. Kb1 Qxf3 30. Qxc6+ Qxc6 31. bxc6 Kxc6 32. Rdf1 Rb8 33. b4 a5 34. b5+ Kc7 35. a4 Bb7 36. Rhg1 Bxh4 37. Rg7+ Kd6 38. Rxh7 Bg3 39. Rxf5 Ba8 40. Rh6+ Ke7 41. Bc2 Rg8 42. Rh7+ Kd6 43. b6 Rb8 44. Rh6+ Ke7 45. Rxa5 Bf4 46. Ra7+ Rb7 47. Rh7+ Kd6 48. Rhxb7 Bxb7 49. Rxb7 Kc6 50. Be4+ Kc5 51. Rf7 Bg3 52. b7 Kb6 53. Rf8 Kc5 54. b8=Q Bxb8 55. Rxb8 Kd4 56. a5 Kxe4 57. a6 Kd5 58. a7 Kd4 59. a8=Q Ke5 60. Qa4 Kd6 61. Rb5 Ke7 62. Qa6 Kf7 63. Rb7+ Ke8 64. Qa8# 1-0

[Event "EYTCC U12 Girls 2019"]
[Site "Pardubice"]
[Date "2019.07.13"]
[Round "3.23"]
[White "Alagoz, Zumra Meryem"]
[Black "Havelkova, Beata"]
[Result "1/2-1/2"]
[ECO "B22"]
[WhiteElo "1310"]
[BlackElo "1316"]
[Annotator "NA"]
[PlyCount "112"]
[EventDate "2019.07.11"]
[EventType "swiss"]
[EventCountry "CZE"]
[SourceTitle "playchess.com"]
[Source "ChessBase"]
[SourceQuality "1"]
[WhiteTeam "Turkey"]
[BlackTeam "Czech Republic"]
[WhiteTeamCountry "TUR"]
[BlackTeamCountry "CZE"]
[TimeControl "40/5400+30:1800+30"]

1. e4 c5 2. c3 d5 3. exd5 Qxd5 4. d4 e5 5. dxe5 Qxd1+ 6. Kxd1 Nc6 7. Bb5 Bg4+ 8. f3 O-O-O+ 9. Bd2 Bd7 10. Bxc6 Bxc6 11. Nh3 f6 12. exf6 Nxf6 13. Kc2 Bd6 14. Bg5 Rhe8 15. Nd2 Re2 16. g3 Bxf3 17. Rhf1 Bg4 18. Nf2 Bf5+ 19. Kd1 Rde8 20. Bxf6 gxf6 21. Nfe4 R2xe4 22. Nxe4 Bxe4 23. Rxf6 Kc7 24. Kd2 Bd5 25. Rh6 Bg8 26. b3 b6 27. Rf1 Be7 28. Rh5 h6 29. h4 Bd6 30. Rf3 Re6 31. g4 Rg6 32. g5 hxg5 33. Rxg5 Rxg5 34. hxg5 Bd5 35. Rf1 Bh2 36. g6 Be5 37. c4 Be6 38. Rg1 Bg7 39. Rh1 Bg8 40. Rf1 Kd7 41. Kd3 Kc6 42. Re1 Kd7 43. Ke4 Ke7 44. Kf5+ Kd7 45. Re4 Kd8 46. Re1 Kd7 47. Rd1+ Kc7 48. Kg5 Be6 49. Rd3 Bg8 50. Kf5 Bd4 51. Kg5 Bg7 52. Re3 Kd7 53. Kf5 Kd8 54. Re4 Kd7 55. Re1 Kd8 56. Rd1+ Kc7 1/2-1/2

[Event "EYTCC U12 Girls 2019"]
[Site "Pardubice"]
[Date "2019.07.13"]
[Round "3.24"]
[White "Janouskova, Adela"]
[Black "Buyuk, Elvin Esma"]
[Result "1/2-1/2"]
[ECO "B00"]
[WhiteElo "1200"]
[BlackElo "1238"]
[Annotator "NA"]
[PlyCount "70"]
[EventDate "2019.07.11"]
[EventType "swiss"]
[EventCountry "CZE"]
[SourceTitle "playchess.com"]
[Source "ChessBase"]
[SourceQuality "1"]
[WhiteTeam "Czech Republic"]
[BlackTeam "Turkey"]
[WhiteTeamCountry "CZE"]
[BlackTeamCountry "TUR"]
[TimeControl "40/5400+30:1800+30"]

1. e4 Nc6 2. d4 d5 3. exd5 Qxd5 4. Nf3 Bg4 5. Be2 e6 6. O-O Nf6 7. c3 Qd8 8. Bf4 Bd6 9. Bxd6 Qxd6 10. Nbd2 O-O 11. h3 Bh5 12. Qc2 Bg6 13. Bd3 Bxd3 14. Qxd3 Ne7 15. Ng5 h6 16. Nde4 Nxe4 17. Nxe4 Qd5 18. Rfe1 Rad8 19. Qg3 Ng6 20. Qxc7 Rc8 21. Qg3 Kh8 22. Nd6 Rc7 23. Ne4 Re7 24. Nc5 e5 25. Qd3 Nf4 26. Qe4 Qxe4 27. Rxe4 b6 28. Nb3 Rfe8 29. dxe5 Nd3 30. Rb1 Rxe5 31. Rxe5 Rxe5 32. Nd4 Rg5 33. b3 Nf4 34. g3 Nxh3+ 35. Kf1 Rg6 1/2-1/2

[Event "EYTCC U12 Girls 2019"]
[Site "Pardubice"]
[Date "2019.07.14"]
[Round "4.17"]
[White "Mellor, Jessica"]
[Black "Havelkova, Beata"]
[Result "1-0"]
[ECO "B23"]
[WhiteElo "1663"]
[BlackElo "1316"]
[Annotator "NA"]
[PlyCount "50"]
[EventDate "2019.07.11"]
[EventType "swiss"]
[EventCountry "CZE"]
[SourceTitle "playchess.com"]
[Source "ChessBase"]
[SourceQuality "1"]
[WhiteTeam "England"]
[BlackTeam "Czech Republic"]
[WhiteTeamCountry "ENG"]
[BlackTeamCountry "CZE"]
[TimeControl "40/5400+30:1800+30"]

1. e4 c5 2. Nc3 d6 3. f4 g6 4. Nf3 Bg7 5. Bb5+ Bd7 6. Bxd7+ Qxd7 7. O-O e6 8. d3 Ne7 9. Qe1 Nbc6 10. a4 Nb4 11. Qf2 Nec6 12. Be3 O-O 13. Kh1 Nd4 14. Bxd4 Bxd4 15. Nxd4 cxd4 16. Nb5 e5 17. Qd2 Nc6 18. f5 Kh8 19. f6 a6 20. Qh6 Rg8 21. Rf3 axb5 22. Rh3 Qxh3 23. Qxh3 Nb8 24. Rf1 bxa4 25. Rf3 b5 1-0

[Event "EYTCC U12 Girls 2019"]
[Site "Pardubice"]
[Date "2019.07.14"]
[Round "4.18"]
[White "Janouskova, Adela"]
[Black "Pert, Nina"]
[Result "0-1"]
[ECO "C01"]
[WhiteElo "1200"]
[BlackElo "1452"]
[Annotator "NA"]
[PlyCount "108"]
[EventDate "2019.07.11"]
[EventType "swiss"]
[EventCountry "CZE"]
[SourceTitle "playchess.com"]
[Source "ChessBase"]
[SourceQuality "1"]
[WhiteTeam "Czech Republic"]
[BlackTeam "England"]
[WhiteTeamCountry "CZE"]
[BlackTeamCountry "ENG"]
[TimeControl "40/5400+30:1800+30"]

1. e4 e6 2. d4 d5 3. exd5 exd5 4. Nf3 Nc6 5. Be2 Bd6 6. Nc3 Nge7 7. O-O O-O 8. Be3 Be6 9. Qd2 Nf5 10. Bf4 Bxf4 11. Qxf4 a6 12. a3 Nce7 13. Ne5 f6 14. Nf3 Ng6 15. Qd2 Qd7 16. Rfe1 Rae8 17. Rad1 Nfh4 18. Nxh4 Nxh4 19. Qf4 Ng6 20. Qg3 Bf5 21. Bd3 Bxd3 22. Qxd3 f5 23. Qf3 c6 24. Na4 f4 25. Nc5 Qf5 26. Qd3 Qc8 27. Qb3 Rxe1+ 28. Rxe1 f3 29. gxf3 Nh4 30. f4 Qg4+ 31. Qg3 Qxg3+ 32. fxg3 Nf3+ 33. Kf2 Nxe1 34. Kxe1 Re8+ 35. Kf2 Re7 36. Nd3 Kf7 37. Ne5+ Kf6 38. Kf3 g5 39. fxg5+ Kxg5 40. Kg2 Kf5 41. Kf3 c5 42. c3 cxd4 43. cxd4 Rc7 44. Nd3 Rc2 45. Nb4 Rxh2 46. Nxd5 Rxb2 47. Ne3+ Ke6 48. d5+ Kd7 49. Ke4 Rb3 50. Nf5 Rxa3 51. Ke5 Rf3 52. Ke4 Rxf5 53. Kxf5 a5 54. Kf6 a4 0-1

[Event "EYTCC U12 Girls 2019"]
[Site "Pardubice"]
[Date "2019.07.14"]
[Round "4.19"]
[White "Veverkova, Dorota"]
[Black "Buyuk, Ecrin Efsa"]
[Result "0-1"]
[ECO "B18"]
[WhiteElo "1348"]
[BlackElo "1592"]
[Annotator "NA"]
[PlyCount "74"]
[EventDate "2019.07.11"]
[EventType "swiss"]
[EventCountry "CZE"]
[SourceTitle "playchess.com"]
[Source "ChessBase"]
[SourceQuality "1"]
[WhiteTeam "Czech Republic"]
[BlackTeam "Turkey"]
[WhiteTeamCountry "CZE"]
[BlackTeamCountry "TUR"]
[TimeControl "40/5400+30:1800+30"]

1. e4 c6 2. d4 d5 3. Nc3 dxe4 4. Nxe4 Bf5 5. Ng3 Bg6 6. N1e2 e6 7. Nf4 Bd6 8. Bc4 Nf6 9. O-O Qc7 10. Nxg6 hxg6 11. Qf3 Nh5 12. Re1 Qe7 13. d5 Qh4 14. dxe6 f5 15. Bd2 Qxc4 16. Bg5 Qg4 17. Qxg4 fxg4 18. Rad1 Be7 19. Bxe7 Kxe7 20. Rd4 Nxg3 21. hxg3 Rh6 22. Rxg4 Na6 23. Rf4 Rf8 24. Rxf8 Kxf8 25. e7+ Ke8 26. a3 Nc7 27. c4 Kf7 28. f4 Rh8 29. g4 Re8 30. f5 gxf5 31. gxf5 Rxe7 32. Rd1 Ke8 33. Rd4 Re2 34. b4 Re5 35. g4 Re3 36. a4 Ra3 37. a5 Rb3 0-1

[Event "EYTCC U12 Girls 2019"]
[Site "Pardubice"]
[Date "2019.07.14"]
[Round "4.20"]
[White "Alagoz, Zumra Meryem"]
[Black "Zadrapova, Amalie"]
[Result "1/2-1/2"]
[ECO "B23"]
[WhiteElo "1310"]
[BlackElo "1248"]
[Annotator "NA"]
[PlyCount "64"]
[EventDate "2019.07.11"]
[EventType "swiss"]
[EventCountry "CZE"]
[SourceTitle "playchess.com"]
[Source "ChessBase"]
[SourceQuality "1"]
[WhiteTeam "Turkey"]
[BlackTeam "Czech Republic"]
[WhiteTeamCountry "TUR"]
[BlackTeamCountry "CZE"]
[TimeControl "40/5400+30:1800+30"]

1. e4 c5 2. Nc3 d6 3. g3 Nf6 4. Bg2 e6 5. d3 Be7 6. Nge2 O-O 7. O-O d5 8. exd5 exd5 9. Nf4 d4 10. Ncd5 Nxd5 11. Nxd5 Re8 12. Bf4 Bd6 13. Bxd6 Qxd6 14. Re1 Be6 15. Nf4 Nc6 16. Qd2 Bd7 17. Rxe8+ Rxe8 18. Re1 Rxe1+ 19. Qxe1 h6 20. Qe4 b6 21. a3 Qe5 22. Qxe5 Nxe5 23. Kf1 Kf8 24. Ke2 Ke7 25. f3 Bc6 26. Kf2 g5 27. Ne2 g4 28. f4 Bxg2 29. fxe5 Bf3 30. Nf4 f6 31. exf6+ Kxf6 32. c3 Ke5 1/2-1/2

[Event "EYTCC U12 Girls 2019"]
[Site "Pardubice"]
[Date "2019.07.14"]
[Round "4.21"]
[White "Pohle, Saskia"]
[Black "Mikheeva, Galina"]
[Result "0-1"]
[ECO "C65"]
[WhiteElo "1719"]
[BlackElo "1792"]
[Annotator "NA"]
[PlyCount "62"]
[EventDate "2019.07.11"]
[EventType "swiss"]
[EventCountry "CZE"]
[SourceTitle "playchess.com"]
[Source "ChessBase"]
[SourceQuality "1"]
[WhiteTeam "Germany"]
[BlackTeam "Russia"]
[WhiteTeamCountry "GER"]
[BlackTeamCountry "RUS"]
[TimeControl "40/5400+30:1800+30"]

1. e4 e5 2. Nf3 Nc6 3. Bb5 Nf6 4. d3 Bc5 5. Bxc6 dxc6 6. Nbd2 Qe7 7. Nc4 Nd7 8. Qe2 f6 9. Bd2 Nf8 10. h4 Be6 11. Ne3 h5 12. Bc3 O-O-O 13. Nd2 Ng6 14. g3 Bd4 15. Nb3 c5 16. Qd2 b6 17. O-O-O Qd7 18. Kb1 Qa4 19. f3 Rd7 20. Ng2 Ne7 21. f4 Nc6 22. Nc1 Rhd8 23. a3 b5 24. Ne3 Bxe3 25. Qxe3 b4 26. axb4 cxb4 27. Be1 Nd4 28. Qf2 b3 29. cxb3 Nxb3 30. Bc3 Nxc1 31. Kxc1 Bb3 0-1

[Event "EYTCC U12 Girls 2019"]
[Site "Pardubice"]
[Date "2019.07.14"]
[Round "4.22"]
[White "Goriachkina, Oksana"]
[Black "Braeutigam, Katerina"]
[Result "1/2-1/2"]
[ECO "E20"]
[WhiteElo "1417"]
[BlackElo "1837"]
[Annotator "NA"]
[PlyCount "238"]
[EventDate "2019.07.11"]
[EventType "swiss"]
[EventCountry "CZE"]
[SourceTitle "playchess.com"]
[Source "ChessBase"]
[SourceQuality "1"]
[WhiteTeam "Russia"]
[BlackTeam "Germany"]
[WhiteTeamCountry "RUS"]
[BlackTeamCountry "GER"]
[TimeControl "40/5400+30:1800+30"]

1. d4 Nf6 2. c4 e6 3. Nc3 Bb4 4. Bd2 O-O 5. Nf3 c5 6. e3 cxd4 7. Nxd4 b6 8. Be2 Bb7 9. O-O Be7 10. Bf3 d5 11. cxd5 Nxd5 12. Nxd5 Bxd5 13. Bxd5 Qxd5 14. Qf3 Qxf3 15. Nxf3 Nd7 16. Bc3 Nc5 17. Rfd1 Rfc8 18. Rac1 Ne4 19. Bd4 f6 20. Bc3 Nxc3 21. Rxc3 Rxc3 22. bxc3 Kf7 23. Nd4 Rd8 24. Rc1 Rc8 25. Kf1 e5 26. Ne2 Ke6 27. Ke1 Rc7 28. Kd2 Kd5 29. Kd3 Rd7 30. c4+ Kc5+ 31. Kc3 f5 32. Ng3 g6 33. e4 f4 34. Ne2 g5 35. f3 h5 36. h3 Bf6 37. g4 fxg3 38. Nxg3 h4 39. Nf5 Be7 40. Ne3 Rd4 41. Rb1 a6 42. Rg1 Bd8 43. Rg2 Be7 44. Rg1 Bd8 45. Rg2 Rd7 46. Rg1 Bf6 47. Ng4 Rf7 48. Ne3 Rd7 49. Nd5 Rd6 50. Rg2 Bd8 51. Rg1 Kc6 52. Nb4+ Kb7 53. Nd5 Rc6 54. Kb3 Bf6 55. Rg2 Bd8 56. Rg1 Rd6 57. Rg2 Rd7 58. Rf2 Rf7 59. Rf1 Be7 60. Kc2 Bc5 61. Kd2 Bd4 62. Ke2 Kc6 63. Rb1 Rg7 64. Ne3 Bxe3 65. Kxe3 Kc5 66. Rc1 Rd7 67. Rg1 Rg7 68. Rc1 Kd6 69. Rb1 Kc5 70. Rc1 Rg6 71. Rc2 Kb4 72. Rc1 Rc6 73. Rg1 Rxc4 74. Rxg5 Rc5 75. Rh5 Ka3 76. Rxh4 Kxa2 77. Rh6 Rb5 78. h4 a5 79. Rg6 Rb2 80. h5 b5 81. h6 Rh2 82. Ra6 a4 83. Ra5 Rxh6 84. Rxb5 Rh5 85. Kd3 a3 86. Kc2 Rh2+ 87. Kc1 Rh3 88. Rxe5 Rxf3 89. Rb5 Rc3+ 90. Kd2 Rb3 91. Rc5 Rb2+ 92. Kc1 Kb3 93. Rb5+ Ka2 94. Rc5 Rb4 95. Rc2+ Kb3 96. e5 a2 97. Rb2+ Ka3 98. Rxb4 a1=Q+ 99. Rb1 Qxe5 100. Kd2 Qd4+ 101. Kc2 Ka2 102. Rd1 Qa4+ 103. Kd2 Kb2 104. Rf1 Qd4+ 105. Ke2 Kc2 106. Rf2 Qe4+ 107. Kf1+ Kd3 108. Kg1 Ke3 109. Rf1 Qg4+ 110. Kh2 Ke2 111. Rg1 Qh4+ 112. Kg2 Qf2+ 113. Kh1 Qf3+ 114. Kh2 Kd2 115. Rg2+ Ke1 116. Rg1+ Ke2 117. Rg2+ Kf1 118. Rg1+ Kf2 119. Rf1+ Ke2 1/2-1/2

[Event "EYTCC U12 Girls 2019"]
[Site "Pardubice"]
[Date "2019.07.14"]
[Round "4.23"]
[White "Ivanova, Dilyana"]
[Black "Siekanska, Maria"]
[Result "0-1"]
[ECO "B80"]
[WhiteElo "1734"]
[BlackElo "1561"]
[Annotator "NA"]
[PlyCount "128"]
[EventDate "2019.07.11"]
[EventType "swiss"]
[EventCountry "CZE"]
[SourceTitle "playchess.com"]
[Source "ChessBase"]
[SourceQuality "1"]
[WhiteTeam "Bulgaria"]
[BlackTeam "Poland"]
[WhiteTeamCountry "BUL"]
[BlackTeamCountry "POL"]
[TimeControl "40/5400+30:1800+30"]

1. e4 c5 2. Nf3 d6 3. d4 cxd4 4. Nxd4 Nf6 5. Nc3 e6 6. Be3 Be7 7. f3 O-O 8. Qd2 Nc6 9. O-O-O a6 10. Kb1 Nxd4 11. Bxd4 b5 12. g4 Bb7 13. h4 Rc8 14. h5 Nd7 15. Rg1 b4 16. Ne2 Ne5 17. Bg2 Qc7 18. Rc1 Rfd8 19. Qxb4 Nc6 20. Qb6 Qd7 21. c3 Rb8 22. Qb3 Nxd4 23. Nxd4 Bxe4+ 24. fxe4 Rxb3 25. Nxb3 Rb8 26. Rgd1 Qc7 27. Rd3 a5 28. Rd4 Bf6 29. Ra4 Bg5 30. Rd1 Qb6 31. Rxa5 Qf2 32. Rxg5 Qxg2 33. Re1 Qf2 34. Rd1 Qf4 35. Ra5 Qxe4+ 36. Kc1 Qxg4 37. Rxd6 Qf4+ 38. Rd2 Rd8 39. Ra4 Qf1+ 40. Kc2 Rxd2+ 41. Nxd2 Qf5+ 42. Kc1 h6 43. Ra8+ Kh7 44. a4 Qd5 45. Rb8 e5 46. Rb5 Qe6 47. a5 e4 48. Rb6 Qg4 49. Rb4 Qg1+ 50. Kc2 e3 51. a6 exd2 52. Kxd2 Qf2+ 53. Kc1 Qf1+ 54. Kc2 Qxa6 55. c4 f5 56. Kc3 f4 57. c5 f3 58. Rf4 Qe2 59. Rf5 Qe3+ 60. Kc4 Qe4+ 61. Kb5 Qxf5 62. Kb6 f2 63. c6 f1=Q 64. c7 Q5b5+ 0-1

[Event "EYTCC U12 Girls 2019"]
[Site "Pardubice"]
[Date "2019.07.14"]
[Round "4.24"]
[White "Szopa, Emilia"]
[Black "Karaivanova, Petya"]
[Result "1/2-1/2"]
[ECO "C50"]
[WhiteElo "1415"]
[BlackElo "1792"]
[Annotator "NA"]
[PlyCount "97"]
[EventDate "2019.07.11"]
[EventType "swiss"]
[EventCountry "CZE"]
[SourceTitle "playchess.com"]
[Source "ChessBase"]
[SourceQuality "1"]
[WhiteTeam "Poland"]
[BlackTeam "Bulgaria"]
[WhiteTeamCountry "POL"]
[BlackTeamCountry "BUL"]
[TimeControl "40/5400+30:1800+30"]

1. e4 e5 2. Nf3 Nc6 3. Bc4 Nf6 4. d3 Bc5 5. O-O d6 6. c3 O-O 7. Bb3 a6 8. Nbd2 Re8 9. h3 Bd7 10. Re1 h6 11. Nf1 b5 12. Ng3 Bb6 13. Be3 Bxe3 14. fxe3 Na5 15. Bc2 c5 16. d4 Rc8 17. Nf5 Bxf5 18. exf5 Qc7 19. Rc1 e4 20. Nd2 c4 21. Nf1 d5 22. Qe2 Nc6 23. Qf2 Ne7 24. Ng3 a5 25. Bd1 Nc6 26. Nh5 Qd6 27. Qh4 Nxh5 28. Bxh5 Qe7 29. Qg3 Qf6 30. Rf1 b4 31. Kh1 Rb8 32. Rf2 Rb7 33. b3 cxb3 34. axb3 bxc3 35. Rxc3 Reb8 36. Bxf7+ Rxf7 37. Rxc6 Qxc6 38. Qxb8+ Rf8 39. Qg3 Kh8 40. Kh2 Qb6 41. Rf4 Qxb3 42. f6 Rxf6 43. Rxf6 gxf6 44. Qd6 Qxe3 45. Qf8+ Kh7 46. Qf7+ Kh8 47. Qf8+ Kh7 48. Qf7+ Kh8 49. Qf8+ 1/2-1/2

[Event "EYTCC U12 Girls 2019"]
[Site "Pardubice"]
[Date "2019.07.15"]
[Round "5.17"]
[White "Siekanska, Maria"]
[Black "Mellor, Jessica"]
[Result "1/2-1/2"]
[ECO "D85"]
[WhiteElo "1561"]
[BlackElo "1663"]
[Annotator "NA"]
[PlyCount "75"]
[EventDate "2019.07.11"]
[EventType "swiss"]
[EventCountry "CZE"]
[SourceTitle "playchess.com"]
[Source "ChessBase"]
[SourceQuality "1"]
[WhiteTeam "Poland"]
[BlackTeam "England"]
[WhiteTeamCountry "POL"]
[BlackTeamCountry "ENG"]
[TimeControl "40/5400+30:1800+30"]

1. d4 Nf6 2. c4 g6 3. Nc3 d5 4. cxd5 Nxd5 5. e4 Nxc3 6. bxc3 Bg7 7. Be3 c5 8. Qd2 O-O 9. Nf3 b6 10. Rd1 cxd4 11. cxd4 Bb7 12. Bd3 Nd7 13. h4 Nf6 14. e5 Nd5 15. Bh6 f6 16. h5 g5 17. Bxg7 Kxg7 18. h6+ Kh8 19. Nxg5 fxg5 20. Qxg5 Rg8 21. Qf5 Rg6 22. Qf7 Qg8 23. Bxg6 Qxg6 24. Qxg6 hxg6 25. O-O Kh7 26. a4 Kxh6 27. Rfe1 e6 28. a5 b5 29. f3 a6 30. Kf2 Kg7 31. Rc1 Rc8 32. Rxc8 Bxc8 33. Rc1 Bd7 34. Ke2 Nf4+ 35. Kd2 Nd5 36. g3 Kf7 37. Rh1 Kg7 38. Rc1 1/2-1/2